 Dungeon Crawl Stone Soup version 0.18-a0-241-g014938f (webtiles) character file.

326 Proton the Shield-Bearer (level 6, 0/49 HPs)
             Began as a Formicid Fighter on Nov 25, 2015.
             Killed from afar by Blork the orc (9 damage)
             ... with a magic dart
             ... on level 4 of the Dungeon.
             The game lasted 00:05:16 (2558 turns).

Proton the Shield-Bearer (Formicid Fighter)         Turns: 2558, Time: 00:05:16

Health: 0/49       AC:  7    Str: 23    XL:     6   Next: 79%
Magic:  6/6        EV:  9    Int:  7    God:
Gold:   302        SH: 10    Dex: 10    Spells: 0 memorised, 5 levels left

rFire  . . .     SeeInvis +     a - +0 war axe
rCold  . . .     Clarity  .     b - +0 scale mail
rNeg   . . .     SustAt   .     c - +0 shield
rPois  .         Gourm    .     (helmet unavailable)
rElec  .         Spirit   .     (no cloak)
rCorr  .         Warding  .     (no gloves)
rMut   .         Stasis   +     (no boots)
MR     .....                    (no amulet)
Stlth  ..........               (no ring)
                                (no ring)

@: not resistant to hostile enchantments, extremely unstealthy
A: permanent stasis, dig shafts and tunnels, four strong arms, antennae 3
a: Dig, Shaft Self


You were on level 4 of the Dungeon.
You were not hungry.

You visited 1 branch of the dungeon, and saw 4 of its levels.

You collected 302 gold pieces.

Inventory:

Hand Weapons
 a - a +0 war axe (weapon)
Armour
 b - a +0 scale mail (worn)
 c - a +0 shield (worn)
Wands
 o - a wand of teleportation (5)
Scrolls
 g - a scroll of immolation {unknown}
 i - a scroll of fear {unknown}
 k - a scroll of fog {unknown}
 l - 6 scrolls of identify {unknown}
 n - a scroll of teleportation {unknown}
 t - a scroll of recharging {unknown}
 u - a scroll of remove curse {unknown}
 v - a scroll of random uselessness {unknown}
Potions
 d - 2 potions of might
 f - a potion of degeneration {unknown}
 j - 2 potions of flight {unknown}
 m - 2 potions of poison {unknown}
 p - a potion of agility {unknown}
 q - a potion of cure mutation {unknown}
 r - 2 potions of brilliance {unknown}
 s - 3 potions of curing
Comestibles
 e - 4 bread rations
 h - 8 fruits


   Skills:
 + Level 4.4 Fighting
 + Level 3.4 Axes
 + Level 4.6 Armour
 + Level 2.2 Dodging
 + Level 4.8 Shields


You had 5 spell levels left.
You didn't know any spells.

Dungeon Overview and Level Annotations

Branches:
Dungeon (4/15)
 Temple: D:4-7

Altars:
Okawaru

Annotations:
D:4 Blork the orc


Innate Abilities, Weirdness & Mutations

You are under a permanent stasis effect.
You can dig through walls and to a lower floor.
Your four strong arms can wield two-handed weapons with a shield.
You have a pair of large antennae on your head (SInv).


Message History

Blork the orc barely misses you.
You barely miss Blork the orc.
Blork the orc is almost dead.
Blork the orc looks braver for a moment.
You barely miss Blork the orc.
Blork the orc is almost dead.
You block Blork the orc's attack.
You completely miss Blork the orc.
Blork the orc is almost dead.
Blork the orc hits you with a long sword of slicing!
You closely miss Blork the orc.
Blork the orc is almost dead.
Blork the orc casts a spell at you. The puff of frost hits you!
* * * LOW HITPOINT WARNING * * *
Blork the orc gestures wildly while chanting.
Blork the orc flickers and vanishes for a moment.
Blork the orc gestures at you while chanting.
The magic dart hits you!
You die...

#.# #.# #...####. #.
.....#.##.###....... #. {
#.##.#.##.##......# #.
#.##.#.##.##......# #.
#.##.#.##.##......#####.
#.##.#.##.##...........<
#.##.#.##.##.......#####
#.##.#.##....#.#..†.....
#...o..@†....#.#...#####
#........###...........
#....#.#.....#.#.........
#.........##.#...........(
##....................###.
#..####..##.#.#.......
#..# #..##.###.#..... .(.
....


You could see Blork the orc (invisible).

Vanquished Creatures
  The ghost of Avanven the Magician, an amateur DEWz (D:4)
  An orc priest (D:4)
  A hound (D:4)
  2 worker ants (D:4)
  A worker ant zombie (D:4)
  3 adders
  2 worms
  A giant gecko (D:1)
  6 orcs
  6 goblins
  7 hobgoblins
  10 kobolds
  2 quokkas
  7 bats
  7 giant newts
  4 jackals (D:1)
  9 rats
  A bush (D:2)
71 creatures vanquished.

Notes
Turn   | Place    | Note
--------------------------------------------------------------
     0 | D:1      | Proton the Formicid Fighter began the quest for the Orb.
     0 | D:1      | Reached XP level 1. HP: 18/18 MP: 1/1
   138 | D:1      | Reached XP level 2. HP: 18/24 MP: 2/2
   172 | D:1      | Reached skill level 1 in Dodging
   349 | D:1      | Reached XP level 3. HP: 20/29 MP: 3/3
   495 | D:2      | Found an iron altar of Okawaru.
  1117 | D:2      | Reached skill level 4 in Shields
  1117 | D:2      | Reached XP level 4. HP: 35/35 MP: 4/4
  2165 | D:4      | Reached XP level 5. HP: 27/42 MP: 5/5
  2404 | D:4      | Noticed Avanven's ghost (amateur DEWz)
  2432 | D:4      | Killed Avanven's ghost
  2432 | D:4      | Reached XP level 6. HP: 38/49 MP: 6/6
  2539 | D:4      | Noticed Blork the orc
  2558 | D:4      | Killed from afar by Blork the orc

Vault maps used:
D:1:      dpeg_arrival_court
D:2:      serial_forest, infiniplex_forest_end_3, infiniplex_forest_corner_1,
          infiniplex_forest_corner_2, infiniplex_forest_clump_diagonal,
          infiniplex_forest_end_3, infiniplex_forest_lined_room_2,
          okawaru_ov_weapons_minmay
D:3:      first_bread
D:4:      lemuel_zombie_altar_yredelemnul, uniq_blork_the_orc

Action                   |  1- 3 |  4- 6 || total
-------------------------+-------+-------++-------
Melee: War axe           |   130 |   145 ||   275
  Eat: Bread ration      |       |     1 ||     1
       Pizza             |       |     1 ||     1
